 Dungeon Crawl Stone Soup version 0.20.1-1-g8b1a95d (webtiles) character file.

184 vineage the Cudgeler (level 5, -1/32 HPs)
             Began as a Gargoyle Fighter on Oct 22, 2017.
             Slain by a gnoll
             ... wielding a +0 halberd
              (6 damage)
             ... on level 3 of the Dungeon.
             The game lasted 00:02:47 (1698 turns).

vineage the Cudgeler (Gargoyle Fighter)             Turns: 1698, Time: 00:02:48

Health: -1/32      AC: 10    Str: 25    XL:     5   Next: 63%
Magic:  5/5        EV:  7    Int:  9    God:
Gold:   135        SH: 10    Dex: 12    Spells: 4/4 levels left

rFire    . . .     SeeInvis +   a - +0 flail
rCold    . . .     Gourm    .   c - +0 shield
rNeg     + . .     Faith    .   b - +0 scale mail
rPois    ∞         Spirit   .   (no helmet)
rElec    +         Reflect  .   (no cloak)
rCorr    .         Harm     .   (no gloves)
MR       .....                  (no boots)
Stlth    ..........             (no amulet)
Regen    0.1/turn               e - +3 ring of dexterity
MPRegen  0.1/turn               p - ring of see invisible

@: mighty, flying, very slightly contaminated, invisible
A: negative energy resistance 1, electricity resistance, unbreathing,
petrification resistance, rot immunity, AC +4
a: no special abilities


You were on level 3 of the Dungeon.
You were hungry.

You visited 1 branch of the dungeon, and saw 3 of its levels.

You collected 135 gold pieces.

Inventory:

Hand Weapons
 a - a +0 flail (weapon)
Armour
 b - a +0 scale mail (worn)
 c - a +0 shield (worn)
Jewellery
 e - a +3 ring of dexterity (left hand)
 p - a ring of see invisible (right hand)
Scrolls
 j - a scroll of fog {unknown}
 n - a scroll of amnesia
 q - 4 scrolls of remove curse
 u - a scroll of magic mapping
Potions
 i - a potion of heal wounds {unknown}
 k - a potion of resistance
 l - a potion of brilliance {unknown}
 m - a potion of invisibility
 v - a potion of haste {unknown}
Comestibles
 f - a bread ration
 h - 10 fruits
 s - a meat ration


   Skills:
 - Level 3.3 Fighting
 + Level 5.5 Maces & Flails
 - Level 3.3 Armour
 - Level 3.4 Shields


You had 4 spell levels left.
You didn't know any spells.

Dungeon Overview and Level Annotations

Branches:
Dungeon (3/15)

Altars:
Dithmenos


Innate Abilities, Weirdness & Mutations

You are resistant to torment.
Your stone body is resilient. (AC +4)
You are immune to poison.
You resist negative energy. (rN+)
You are resistant to electric shocks. (rElec)
You can survive without breathing.
You are immune to petrification.
You are immune to rotting.


Message History

The gnoll sergeant is severely wounded.
You block the gnoll sergeant's attack.
You closely miss the gnoll sergeant.
The gnoll sergeant is severely wounded.
The gnoll sergeant hits you with a spear of venom.
* * * LOW HITPOINT WARNING * * *
You bludgeon the gnoll sergeant!!
You kill the gnoll sergeant!
Your Maces & Flails skill increases to level 5!
The gnoll closely misses you.
A gnoll comes into view. It is wielding a whip.
The gnoll shouts!
You sock the gnoll!
The gnoll is severely wounded.
The gnoll shouts!
You closely miss the gnoll.
The gnoll is severely wounded.
The gnoll shouts!
The gnoll hits you with a halberd.
You die...

###.).>.........
#.....####.#####
#.###[## #.# #.#
#..# #.#
#.###..# #.#
#########...)..#
#.#
..g.$^gg.....#.#
#.#
..#####g####.#.#
#.# #@# #.#.#
#.# #.#.#
#.####.#.#
#.>..#.###
####...# .## #


You could see 3 gnolls.

Vanquished Creatures
  A gnoll sergeant (D:3)
  5 adders
  3 gnolls (D:2)
  2 oozes
  A worm (D:2)
  2 giant cockroaches
  3 hobgoblins
  7 jackals
  2 quokkas (D:2)
  3 bats
  2 frilled lizards (D:2)
  5 goblins
  3 kobolds
  3 rats
42 creatures vanquished.

Notes
Turn   | Place    | Note
-------+----------+-------------------------------------------
     0 | D:1      | vineage the Gargoyle Fighter began the quest for the Orb.
     0 | D:1      | Reached XP level 1. HP: 14/14 MP: 1/1
   177 | D:1      | Reached XP level 2. HP: 19/19 MP: 2/2
   592 | D:2      | Reached skill level 3 in Maces & Flails
   592 | D:2      | Reached XP level 3. HP: 19/23 MP: 3/3
   833 | D:2      | Reached XP level 4. HP: 24/28 MP: 4/4
   913 | D:2      | Reached skill level 4 in Maces & Flails
  1123 | D:2      | Found a shadowy altar of Dithmenos.
  1596 | D:3      | Reached XP level 5. HP: 27/32 MP: 5/5
  1696 | D:3      | Reached skill level 5 in Maces & Flails
  1698 | D:3      | Slain by a gnoll

Skill      XL: |  1  2  3  4  5 |
---------------+----------------+-----
Maces & Flails | 3 4 5 |  5.5
Fighting       | |  3.3
Armour         | |  3.3
Shields        | |  3.4

Action                   |  1- 3 |  4- 6 || total
-------------------------+-------+-------++-------
Melee: Flail             |    81 |   137 ||   218
  Use: Scroll            |     5 |     3 ||     8
       Potion            |       |     3 ||     3
  Eat: Chunk             |       |     2 ||     2
Armor: Scale mail        |    53 |    70 ||   123
Dodge: Dodged            |    29 |    38 ||    67
Block: Shield            |    64 |    86 ||   150
